AoeStats
← Huskarls4

Fortress

507237133Analyzed
4v4 RM · 1mo ago on Sep 17, 2026· 63m 57s· 8 players
Game mode
Random Map
Map size
Huge
Population
200
Speed
Normal
Resources
Standard
Victory
Conquest
Starting age
Dark Age
Ending age
Imperial Age
RankedLock teamsTeams togetherTeam positionsShared explorationLock speedFull tech treeHidden civsTurbo modeCheats
Victory
Defeat
🇲🇽 Burmese · Mexico
1468
+14
🇨🇴 Teutons · Colombia
1425
+16
🇬🇧 Khmer · United Kingdom
1396
+17
🇦🇹 Celts · Austria
1381
+18
vs
🇭🇰 Franks · Hong Kong SAR China
1448
-17
🇦🇷 Vietnamese · Argentina
1447
-17
🇦🇷 Wei · Argentina
1423
-16
🇲🇴 Hindustanis · Macao SAR China
1396
-15
都挺好
7:08 Feudal Age
9:00 Loom
11:57 Castle Age
10:02 Horse Collar
10:45 Double-Bit Axe
11:06 Fletching
11:56 Padded Archer Armor
12:38 Gold Mining
16:39 Town Watch
18:20 Leather Archer Armor
20:00 Heavy Plow
21:34 Bow Saw
24:44 Wheelbarrow
27:21 Imperial Age
25:49 Bodkin Arrow
25:52 Stone Mining
26:22 Hand Cart
26:36 Ballistics
26:29 Fortified Wall
29:07 Chemistry
28:14 Bracer
28:45 Ring Archer Armor
29:20 Two-Man Saw
30:05 Scale Mail Armor
30:16 Forging
29:42 Pikeman
30:22 Squires
31:17 Crop Rotation
31:44 Halberdier
33:16 Chain Mail Armor
33:36 Iron Casting
34:28 Plate Mail Armor
35:49 Stone Shaft Mining
44:07 Elite Skirmisher
46:09 Imperial Skirmisher
46:55 Thumb Ring
50:37 Scale Barding Armor
jimmy211211
6:20 Feudal Age
11:15 Castle Age
9:56 Double-Bit Axe
9:55 Horse Collar
12:48 Heavy Plow
18:25 Wheelbarrow
21:54 Bow Saw
23:03 Hand Cart
23:24 Loom
23:46 Gold Mining
23:48 Stone Mining
27:03 Imperial Age
25:40 Bloodlines
25:30 Husbandry
25:52 Forging
25:47 Scale Barding Armor
26:19 Gold Shaft Mining
26:19 Stone Shaft Mining
26:17 Town Watch
27:29 Heavy Camel Rider
29:29 Iron Casting
29:14 Chain Barding Armor
29:54 Imperial Camel Rider
32:12 Blast Furnace
31:47 Plate Barding Armor
33:05 Fletching
33:16 Padded Archer Armor
34:00 Ballistics
33:11 Onager
38:07 Chemistry
40:54 Light Cavalry
41:04 Pikeman
41:45 Squires
41:31 Arson
41:46 Bodkin Arrow
42:06 Leather Archer Armor
41:51 Scale Mail Armor
42:52 Grand Trunk Road
56:30 Caravan
62:44 Shatagni
63:05 Conscription
鬼見愁
7:57 Feudal Age
11:32 Castle Age
9:49 Double-Bit Axe
12:22 Bow Saw
12:53 Wheelbarrow
18:46 Hand Cart
18:34 Stone Mining
19:59 Gold Mining
20:59 Scale Barding Armor
22:47 Chain Barding Armor
23:31 Gold Shaft Mining
26:35 Imperial Age
25:17 Husbandry
26:08 #83
26:01 Forging
26:42 Cavalier
28:03 Plate Barding Armor
27:53 Conscription
28:38 Iron Casting
28:24 Scale Mail Armor
28:24 Paladin
31:23 Blast Furnace
34:34 Light Cavalry
37:54 Chemistry
40:18 Fletching
46:31 Elite Throwing Axeman
48:22 Chain Mail Armor
50:56 Coinage
50:27 Caravan
50:42 Bodkin Arrow
51:32 Hoardings
51:45 Gambesons
52:00 Squires
51:45 Arson
52:33 Plate Mail Armor
53:11 Banking
55:52 Chivalry
中國香港玩家
7:08 Feudal Age
8:10 Loom
11:00 Castle Age
9:24 Double-Bit Axe
9:47 Gold Mining
10:00 Horse Collar
10:41 Stone Mining
11:25 Loom
13:26 Bow Saw
18:25 Husbandry
20:05 Scale Barding Armor
20:30 Bloodlines
21:47 Chain Barding Armor
21:30 Town Watch
22:47 Wheelbarrow
22:54 Heavy Plow
23:20 Forging
24:18 Fletching
26:01 Bodkin Arrow
28:40 Imperial Age
26:33 Bodkin Arrow
27:21 Padded Archer Armor
27:44 Ballistics
27:57 Tuntian
28:34 Hand Cart
29:09 Murder Holes
29:25 Masonry
29:39 Bracer
31:00 Chemistry
31:10 Parthian Tactics
30:49 Treadmill Crane
32:44 Iron Casting
33:19 Gold Shaft Mining
33:20 Stone Shaft Mining
33:48 Thumb Ring
34:49 Leather Archer Armor
34:08 Light Cavalry
35:49 Blast Furnace
36:34 Capped Ram
38:20 Caravan
39:24 Conscription
39:43 Elite Skirmisher
41:00 Fortified Wall
40:47 Guard Tower
42:57 Keep
42:53 Ring Archer Armor
44:10 Coinage
45:14 Ming Guang Armor
44:59 Hussar
46:55 Banking
48:37 Elite Tiger Cavalry
49:54 Siege Ram
53:18 Imperial Skirmisher
54:46 Hoardings
54:43 Onager
Huskarls4
7:31 Feudal Age
10:44 Castle Age
8:51 Horse Collar
9:18 Double-Bit Axe
19:55 Wheelbarrow
20:11 Bow Saw
20:58 Heavy Plow
21:14 Gold Mining
23:27 Hand Cart
23:38 Loom
26:36 Imperial Age
25:02 Fletching
25:18 Scale Barding Armor
25:44 Ballistics
28:28 Chemistry
27:34 Double Crossbow
28:24 Masonry
28:38 Conscription
28:16 Town Watch
28:46 Bloodlines
28:57 Husbandry
30:05 Siege Engineers
31:24 Crop Rotation
30:24 Elite Ballista Elephant
34:44 Pikeman
35:14 Halberdier
36:01 Scale Mail Armor
36:11 Forging
37:38 Hoardings
37:07 Caravan
37:10 Arson
40:32 Town Patrol
40:51 Chain Mail Armor
41:11 Iron Casting
40:59 Chain Barding Armor
44:26 Bodkin Arrow
45:32 Blast Furnace
44:29 Bodkin Arrow
45:12 Architecture
44:38 Murder Holes
48:50 Plate Barding Armor
48:16 Bracer
49:17 Light Cavalry
52:45 Capped Ram
53:55 Siege Ram
Dazkarich
8:19 Feudal Age
12:14 Castle Age
10:24 Horse Collar
16:32 Loom
22:35 Wheelbarrow
21:59 Town Watch
23:50 Hand Cart
25:04 Gold Mining
27:52 Imperial Age
25:38 Husbandry
26:05 Caravan
26:12 Stone Mining
26:15 Gold Mining
26:57 Bloodlines
26:53 Scale Barding Armor
28:57 Conscription
28:55 Elite Battle Elephant
30:15 Conscription
30:37 Forging
31:11 Chain Barding Armor
33:33 Howdah
34:56 Iron Casting
36:05 Plate Barding Armor
36:28 Masonry
38:43 Siege Engineers
40:50 Light Cavalry
42:45 Blast Furnace
45:09 Fletching
45:19 Padded Archer Armor
46:05 Bodkin Arrow
45:59 Elite Skirmisher
52:19 Coinage
53:35 Architecture
55:37 Guilds
56:39 Squires
56:40 Scale Mail Armor
56:45 Pikeman
57:54 Chain Mail Armor
57:32 Halberdier
59:22 Plate Mail Armor
62:10 Arson
Istar
7:12 Feudal Age
8:41 Double-Bit Axe
11:16 Castle Age
9:44 Horse Collar
12:06 Bow Saw
11:57 Heavy Plow
13:43 Wheelbarrow
19:12 Hand Cart
19:08 Gold Mining
20:41 Loom
21:34 Stone Mining
25:50 Imperial Age
23:35 Scale Mail Armor
23:47 Squires
23:33 Arson
24:39 Chain Mail Armor
24:34 Forging
24:42 Fletching
26:00 Elite Teutonic Knight
26:06 Capped Ram
27:24 Plate Mail Armor
27:49 Iron Casting
29:00 Conscription
30:30 Blast Furnace
31:22 Crenellations
31:54 Masonry
32:35 Hoardings
32:12 Bodkin Arrow
33:20 Chemistry
33:36 Ballistics
35:06 Siege Engineers
40:04 Onager
41:27 Caravan
43:11 Fortified Wall
52:52 Coinage
52:46 Town Watch
53:33 Scale Barding Armor
54:41 Banking
54:57 Bloodlines
54:08 Cavalier
56:29 Two-Man Saw
56:15 Crop Rotation
56:10 Chain Barding Armor
55:29 Paladin
58:01 Plate Barding Armor
Listiger
2:11 Loom
7:22 Feudal Age
11:06 Castle Age
9:20 Double-Bit Axe
10:03 Horse Collar
12:11 Loom
18:42 Bow Saw
19:22 Wheelbarrow
19:27 Man-at-Arms
20:39 Fletching
23:06 Hand Cart
26:46 Imperial Age
30:13 Imperial Age
29:48 Scale Mail Armor
29:58 Forging
29:33 Pikeman
30:25 Halberdier
31:22 Chain Mail Armor
38:21 Plate Mail Armor
39:21 Bodkin Arrow
39:48 Ballistics
41:16 Iron Casting
44:26 Masonry
45:15 Fortified Wall
46:06 Chemistry
45:39 Onager
52:03 Caravan
52:56 Conscription
61:01 Hand Cart
63:23 Capped Ram
Connection lost

Rejoining the realm…

Still unreachable

The connection could not be restored.

Session expired

The server has moved on; the page needs a fresh start.